cohdb
Replays
Latest Replays
All Replays
Popular Replays
Top Player Replays
Match Explorer
How It Works
Community
CoH3 Stats
Reddit
Sign in to upload your games and track your stats! →
Sign in with Steam
Match 43095391
Unlisted
Match 43095391
Overview
Messages
Build Orders
End
Selects Armored Battlegroup
Selects Veteran Crews
Construct Barracks
Engineer Squad
1⁄4-ton 4x4 Truck
Riflemen Squad
Riflemen Squad
Infantry Support Center
Riflemen Squad
Grenade Package
Construct Motor Pool
Selects Fast Deploy
Selects Field Repairs
M8 Greyhound Armored Car
AI Takeover
Jarkeböb
Genki
0
0
Comments
sign in to comment!
No comments posted yet!